 Dungeon Crawl Stone Soup version 0.30.1-11-g7821555f0a (webtiles) character file.

Game seed: 17556262465173459154

105 jagang the Slasher (level 4, -2/38 HPs)
             Began as a Barachi Monk on Nov 13, 2023.
             Slain by an orc wizard
             ... wielding a +0 dagger of electrocution
              (17 damage)
             ... on level 3 of the Dungeon.
             The game lasted 00:05:49 (1834 turns).

jagang the Slasher (Barachi Monk)                   Turns: 1834, Time: 00:05:50

Health: -2/38      AC:  8    Str: 13    XL:     4   Next: 83%
Magic:  4/4        EV:  7    Int: 10    God:
Gold:   113        SH:  0    Dex: 16    Spells: 3/3 levels left

rFire   . . .        i - +0 long sword
rCold   . . .        d - orb {light}
rNeg    . . .        o - +0 chain mail
rPois   .            (no helmet)
rElec   .            (no cloak)
rCorr   .            (no gloves)
SInv    +            (no boots)
Will    .....        (no amulet) Stlth
                     s - ring of see invisible
HPRegen 0.26/turn    (no ring)
MPRegen 0.09/turn

%: no passive effects
@: glowing, slow
A: amphibious, slowness 1, strong legs 1, +LOS
a: Hop


You were on level 3 of the Dungeon.
You visited 1 branch of the dungeon, and saw 3 of its levels.

You collected 113 gold pieces.

Inventory:

Hand Weapons
 i - a +0 long sword (weapon)
Missiles
 a - 11 atropa-tipped darts
 t - 6 boomerangs (quivered)
Armour
 d - an orb of light (worn)
 o - a +0 chain mail (worn)
Jewellery
 s - a ring of see invisible (left hand)
Scrolls
 h - a scroll of brand weapon {unknown}
 j - 2 scrolls of identify {unknown}
 k - 3 scrolls of teleportation {unknown}
 m - a scroll of amnesia {unknown}
 n - a scroll of immolation {unknown}
 q - a scroll of silence {unknown}
Potions
 b - 2 potions of heal wounds {unknown}
 c - a potion of ambrosia
 e - a potion of flight {unknown}
 f - a potion of mutation {unknown}
 g - 2 potions of attraction {unknown}
 l - a potion of berserk rage {unknown}
 p - a potion of lignification {unknown}
 r - a potion of might {unknown}


   Skills:
 + Level 4.3 Fighting
 * Level 5.1 Long Blades
 + Level 1.2 Throwing
 + Level 2.1 Armour
 - Level 3.2 Dodging


You had 3 spell levels left.
You didn't know any spells.
Your spell library contained the following spells:

 Spells                   Type           Power      Damage    Failure   Level
 Slow                     Hex            0%         N/A       100%        1
 Summon Small Mammal      Summ           0%         N/A       100%        1
 Ensorcelled Hibernation  Hex/Ice        0%         N/A       100%        2
 Call Canine Familiar     Summ           0%         N/A       100%        3
 Confusing Touch          Hex            0%         N/A       100%        3
 Spider Form              Tmut/Pois      0%         N/A       100%        3
 Summon Guardian Golem    Hex/Summ       0%         N/A       100%        3
 Tukima's Dance           Hex            0%         N/A       100%        3
 Vampiric Draining        Necr           0%         2d6       100%        3
 Anguish                  Hex/Necr       0%         N/A       100%        4
 Animate Armour           Summ/Erth      0%         N/A       100%        4
 Passage of Golubria      Tloc           0%         N/A       100%        4
 Blade Hands              Tmut           0%         N/A       100%        5
 Yara's Violent Unravell  Hex/Tmut       0%         3d3       100%        5
 Iron Shot                Conj/Erth      0%         9d1       100%        6


Dungeon Overview and Level Annotations

Branches:
Dungeon (3/15)

Altars:


Innate Abilities, Weirdness & Mutations

You are amphibious.
You cover ground slowly.
You can hop short distances.
You have an extended range of vision and can be seen from far away.


Message History

An orc priest comes into view. It is wielding a +0 flail.
The orc priest shouts!
An orc comes into view. It is wielding a +0 war axe.
The orc moves out of view.
An orc wizard comes into view.
It is wielding a +0 dagger of electrocution.
The orc wizard casts a spell.
The orc wizard flickers and vanishes for a moment.
You slash the orc priest!
The orc priest is severely wounded.
The orc priest barely misses you.
You hit the orc priest.
You kill the orc priest!
The orc hits you with a +0 flail.
Your Long Blades skill increases to level 5!
Your Armour skill increases to level 2!
You barely miss the orc. The orc closely misses you.
The orc hits you but does no damage.
You hit the orc.
The orc is moderately wounded.
The orc hits you but does no damage.
You slash the orc!
You kill the orc!
The orc barely misses you. x2
The orc wizard hits you but does no damage.
The orc closely misses you. The orc barely misses you.
You slash the orc wizard!
The orc wizard is severely wounded.
The orc hits you with a +0 war axe.
The orc wizard hits you with a +0 dagger of electrocution.
The orc hits you but does no damage.
You completely miss the orc wizard.
The orc wizard is severely wounded.
The orc hits you with a +0 flail. The orc hits you with a +0 war axe.
The orc wizard hits you but does no damage.
You hit the orc wizard but do no damage.
The orc wizard is severely wounded.
The orc barely misses you. The orc hits you with a +0 war axe.
The orc wizard hits you but does no damage.
You are electrocuted!
You die...

....... ...... #####....#
........# .......# .
......# ... .....#....
#oo....... ### #@o.#
##.## ##.###
###...#####...####
#####...8.......8....#
......#...#####...#..:...
......##.## ##.###.#.##
.......#.# #.# ...#
...(...#.# #.# ...
.......#.# #.# ##.


You could see an orc wizard (invisible) and 2 orcs.

Vanquished Creatures
  An orc priest (D:3)
  An adder (D:3)
  2 worms (D:3)
  2 dart slugs
  An orc (D:3)
  5 ball pythons
  8 endoplasms
  4 giant cockroaches
  4 goblins
  A hobgoblin (D:1)
  10 jackals
  5 kobolds
  3 bats
  A frilled lizard (D:2)
  4 rats (D:1)
52 creatures vanquished.

Notes
Turn   | Place    | Note
-------+----------+-------------------------------------------
     0 | D:1      | jagang the Barachi Monk began the quest for the Orb.
     0 | D:1      | Reached XP level 1. HP: 18/18 MP: 1/1
    63 | D:1      | Reached XP level 2. HP: 21/25 MP: 2/2
    66 | D:1      | Reached skill level 4 in Long Blades
   125 | D:1      | Reached skill level 1 in Armour
   353 | D:1      | Reached XP level 3. HP: 30/30 MP: 3/3
   466 | D:1      | Found a faded altar of an unknown god.
  1633 | D:3      | Reached XP level 4. HP: 17/37 MP: 4/4
  1673 | D:3      | Reached skill level 1 in Throwing
  1829 | D:3      | Reached skill level 5 in Long Blades
  1834 | D:3      | Slain by an orc wizard

Illustrated notes

Levels and vault maps discovered:
D:1:      minmay_arrival_jagged, layout_basic,
          hellmonk_ecumenical_altar_leap_of_faith
D:2:      layout_basic, amcnicky_mini_pool_small
D:3:      layout_basic, gup_sewer_entry_bowl, grunt_ministairs_15,
          minmay_misc_feat_tower, serial_bayou_ford_a, nicolae_wormholes

Skill      XL: |  1  2  3  4 |
---------------+-------------+-----
Long Blades    | 4 5 |  5.1
Armour         | 1 2 |  2.1
Fighting       | 4 |  4.3
Throwing       | 1 |  1.2
Dodging        | |  3.2

Action                     |  1- 3 |  4- 6 || total
---------------------------+-------+-------++-------
  Melee: Falchion          |    41 |       ||    41
         Long sword        |    67 |    23 ||    90
  Throw: Boomerang         |     1 |     9 ||    10
Ability: Hop               |     2 |       ||     2
 Armour: Robe              |     6 |       ||     6
         Chain mail        |    18 |    16 ||    34
         Scale mail        |    16 |       ||    16
  Dodge: Dodged            |    67 |    13 ||    80
